 Dungeon Crawl Stone Soup version 0.18.1-50-g88ac8fd (webtiles) character file.

429 magog001 the Shield-Bearer (level 6, 30/39 HPs)
             Began as a Gargoyle Fighter on Dec 22, 2018.
             Was a Follower of Nemelex Xobeh.
             Starved to death
             ... on level 4 of the Dungeon.
             The game lasted 00:18:11 (3716 turns).

magog001 the Shield-Bearer (Gargoyle Fighter)       Turns: 3716, Time: 00:18:12

Health: 30/39      AC: 18    Str: 22    XL:     6   Next: 98%
Magic:  6/6        EV:  8    Int: 13    God:    Nemelex Xobeh [*.....]
Gold:   233        SH: 10    Dex:  9    Spells: 0 memorised, 5 levels left

rFire  . . .     SeeInvis .     a - +0 flail
rCold  . . .     Gourm    .     s - +1 plate armour
rNeg   + . .     Faith    .     c - +0 shield
rPois  ∞         Spirit   .     d - +0 helmet
rElec  +         Dismiss  .     (no cloak)
rCorr  .         Reflect  .     (no gloves)
SustAt .         Harm     .     (no boots)
MR     .....                    (no amulet)
Stlth  ..........               (no ring)
                                i - +3 ring of evasion

@: brilliant, fainting, not resistant to hostile enchantments, extremely
unstealthy
A: negative energy resistance 1, electricity resistance, unbreathing,
petrification resistance, rot immunity, AC +4
a: Renounce Religion


You were on level 4 of the Dungeon.
You worshipped Nemelex Xobeh.
Nemelex Xobeh was aware of your devotion.
You were fainting.

You visited 1 branch of the dungeon, and saw 5 of its levels.

You collected 233 gold pieces.

Inventory:

Hand Weapons
 a - a +0 flail (weapon)
 h - a +0 hunting sling
 u - a cursed -1 mace
 y - a +0 blowgun
Missiles
 k - 75 sling bullets
 x - 21 poisoned needles
Armour
 c - a +0 shield (worn)
 d - a +0 helmet (worn)
 s - a +1 plate armour (worn)
Jewellery
 i - a +3 ring of evasion (left hand)
Wands
 m - a wand of acid (6/15)
 v - a wand of paralysis (9/24)
Scrolls
 e - 2 scrolls of remove curse
 j - 2 scrolls of identify {unknown}
Potions
 b - 2 potions of curing
 w - a potion of flight
Miscellaneous
 g - a plain deck of changes
 r - an ornate deck of destruction


   Skills:
 * Level 4.4 Fighting
 * Level 3.1 Maces & Flails
 * Level 4.9 Armour
 - Level 1.2 Dodging
 * Level 1.6 Stealth
 * Level 5.5 Shields


You had 5 spell levels left.
You didn't know any spells.

Dungeon Overview and Level Annotations

Branches:
Dungeon (5/15)
 Temple: D:4-7

Altars:
Dithmenos
Nemelex Xobeh
Vehumet
Yredelemnul
Zin

Annotations:
D:5 PeterLawrence's ghost, novice MiFi


Innate Abilities, Weirdness & Mutations

You are resistant to torment.
Your stone body is resilient (AC +4).
You are immune to poison.
You resist negative energy.
You are resistant to electric shocks.
You can survive without breathing.
You are immune to petrification.
You are immune to rotting.


Message History

You miss the hungry ghost.
Your surroundings suddenly seem different.
You see here a paperback book.
There is a stone staircase leading down here.
You climb downwards.
There is a stone staircase leading up here.
You're too hungry to rest.
Unknown command.
You open the door.
An adder skeleton comes into view.
There is an open door here.
Found a stone staircase leading down.
Your shield and plate armour prevent you from hitting the adder skeleton.
The adder skeleton barely misses you. You block the adder skeleton's attack.
You sock the adder skeleton! The adder skeleton barely misses you.
You sock the adder skeleton!
You destroy the adder skeleton!
You have starved to death.
You die...
Your body disappears without a glow.

#####.#####.#.
####.#####.#.
####.......##... ##+#
#..........##### ##...#
#<##.##.#..# # #.....#
#.##.##.#..# #
.......##.##....#..# ##
........#.##...##..####.
.......@'...............
........#..........####.
>......######.###### ##
#.....# #.# # ##...# .#
# ##+# .# # .# # .# #


There were no monsters in sight!

Vanquished Creatures
  A phantom (D:4)
  The ghost of magog001 the Shield-Bearer, an amateur GrFi (D:3)
  A giant frog zombie (D:5)
  A crimson imp (D:5)
  Terence (D:2)
  A worker ant (D:5)
  Robin (D:3)
  A gnoll (D:1)
  4 adders
  2 adder skeletons (D:4)
  3 worms
  A dart slug (D:2)
  2 giant geckos
  4 orcs
  3 ball pythons
  A giant cockroach (D:1)
  13 goblins
  13 hobgoblins
  6 jackals (D:3)
  3 bats
  2 giant newts
  6 kobolds
  4 rats
75 creatures vanquished.

Notes
Turn   | Place    | Note
--------------------------------------------------------------
     0 | D:1      | magog001 the Gargoyle Fighter began the quest for the Orb.
     0 | D:1      | Reached XP level 1. HP: 14/14 MP: 1/1
   246 | D:1      | Reached XP level 2. HP: 12/19 MP: 2/2
   713 | D:1      | Reached XP level 3. HP: 19/23 MP: 3/3
   978 | D:2      | Found a sparkling altar of Nemelex Xobeh.
   987 | D:2      | Became a worshipper of Nemelex Xobeh the Trickster
  1256 | D:2      | Reached skill level 4 in Shields
  1418 | D:2      | Received a gift from Nemelex Xobeh
  1446 | D:2      | Found a radiant altar of Vehumet.
  1545 | D:2      | Found a shadowy altar of Dithmenos.
  1637 | D:2      | Noticed Terence
  1650 | D:2      | Killed Terence
  1650 | D:2      | Reached XP level 4. HP: 26/29 MP: 4/4
  1834 | D:2      | Reached skill level 1 in Dodging
  1914 | D:3      | Found a basalt altar of Yredelemnul.
  2126 | D:3      | Noticed Robin
  2152 | D:3      | Killed Robin
  2152 | D:3      | Reached XP level 5. HP: 23/33 MP: 5/5
  2371 | D:3      | Noticed magog001's ghost (amateur GrFi)
  2841 | D:3      | Killed magog001's ghost
  2842 | D:3      | Reached skill level 1 in Stealth
  2842 | D:3      | Reached XP level 6. HP: 29/38 MP: 6/6
  3074 | D:4      | Noticed a phantom
  3129 | D:4      | Killed a phantom
  3129 | D:4      | Reached skill level 5 in Shields
  3170 | D:4      | Reached * piety under Nemelex Xobeh
  3244 | D:4      | Found a glowing silver altar of Zin.
  3246 | D:4      | Noticed a hungry ghost
  3326 | D:5      | Entered Level 5 of the Dungeon
  3583 | D:5      | Noticed PeterLawrence's ghost (novice MiFi)
  3716 | D:4      | Starved to death

Skill      XL: |  1  2  3  4  5  6 |
---------------+-------------------+-----
Armour         | 4 |  4.9
Shields        | 4 5 |  5.5
Dodging        | 1 |  1.2
Fighting       | 4 |  4.4
Stealth        | 1 |  1.6
Maces & Flails | 3 |  3.1

Action                   |  1- 3 |  4- 6 || total
-------------------------+-------+-------++-------
Melee: Flail             |   139 |   405 ||   544
  Use: Potion            |       |     4 ||     4
       Scroll            |       |     6 ||     6
  Eat: Beef jerky        |     1 |     1 ||     2
       Chunk             |       |     9 ||     9
       Meat ration       |       |     2 ||     2
       Bread ration      |       |     2 ||     2
Armor: Scale mail        |    73 |   109 ||   182
       Plate armour      |       |   190 ||   190
Dodge: Dodged            |    39 |   178 ||   217
Block: Shield            |    66 |   271 ||   337
